 Dungeon Crawl Stone Soup version 0.30-a0-989-g0d87f670db (webtiles) character file.

Game seed: 6359227230468869565

7042 Newt the Slicer (level 10, -3/80 HPs)
             Began as a Demonspawn Gladiator on Apr 3, 2023.
             Was a Believer of Makhleb.
             Slain by a boulder beetle (8 damage)
             ... on level 11 of the Dungeon.
             The game lasted 00:11:35 (9551 turns).

Newt the Slicer (Demonspawn Gladiator)              Turns: 9551, Time: 00:11:35

Health: -3/80      AC: 15    Str: 18    XL:     10   Next: 83%
Magic:  10/10      EV: 11    Int:  9    God:    Makhleb [**....]
Gold:   505        SH:  0    Dex: 16    Spells: 9/9 levels left

rFire   + . .      SeeInvis .    r - +7 short sword of Xekygaes {freeze, Will+}
rCold   . . .      Faith    +    (no shield)
rNeg    . . .      Spirit   .    I - +2 scale mail {rF+}
rPois   .          Reflect  .    z - +1 hat
rElec   .          Rampage  .    y - +0 cloak
rCorr   .                        (no gloves)
Will    ++...                    (no boots) Stlth
                                 t - amulet of faith
HPRegen 0.33/turn                o - ring of willpower
MPRegen 0.12/turn                P - +4 ring of slaying

@: no status effects
A: claws 1, thin metallic scales 2, powered by pain 3
a: Renounce Religion, Minor Destruction


You were on level 11 of the Dungeon.
You worshipped Makhleb.
Makhleb was pleased with you.
You visited 2 branches of the dungeon, and saw 12 of its levels.

You collected 505 gold pieces.

Inventory:

Hand Weapons
 a - a +0 rapier
 e - a +4 long sword
 j - a +2 falchion of freezing
 r - the +7 short sword of Xekygaes (weapon) {freeze, Will+}
   (You found it on level 3 of the Dungeon)

   Will:      It increases your willpower.
 H - a +0 dagger
Missiles
 g - 5 curare-tipped darts (quivered)
 h - 137 stones
 w - 14 boomerangs
 K - 17 poisoned darts
 N - a javelin
Armour
 b - a +0 leather armour
 c - a +0 helmet
 q - a +1 pair of gloves
 y - a +0 cloak (worn)
 z - a +1 hat (worn)
 F - +1 acid dragon scales
 I - a +2 scale mail of fire resistance (worn)
 O - a +2 pair of gloves
 S - a +1 leather armour of cold resistance
Jewellery
 o - a ring of willpower (left claw)
 t - an amulet of faith (around neck)
 B - a ring of positive energy
 D - a +6 ring of intelligence
 E - the ring of the Death Scarab {*Corrode rN+ Str+7 Int+6 SInv}
   (You found it on level 11 of the Dungeon)

   [ring of intelligence]

   Str:       It affects your strength (+7).
   Int:       It affects your intelligence (+6).
   rN:        It protects you from negative energy.
   SInv:      It lets you see invisible.
   *Corrode:  It may corrode you when you take damage.
 J - a +4 ring of protection
 P - a +4 ring of slaying (right claw)
Wands
 i - a wand of flame (55)
 u - a wand of digging (5)
 R - a wand of roots (9)
Scrolls
 m - 4 scrolls of teleportation
 v - 2 scrolls of identify
 A - 3 scrolls of enchant weapon
 C - 2 scrolls of fog
 L - a scroll of magic mapping
 M - a scroll of silence
Potions
 d - a potion of invisibility
 f - 2 potions of curing
 k - 3 potions of degeneration
 l - 3 potions of flight
 n - 3 potions of brilliance
 p - a potion of might
 s - a potion of magic
 x - 2 potions of attraction
 G - a potion of haste
 Q - a potion of heal wounds


   Skills:
 - Level 8.0 Fighting
 - Level 9.9(10.0) Short Blades
 - Level 1.3(6.3) Long Blades
 - Level 1.7 Throwing
 + Level 7.2 Armour
 - Level 4.0 Dodging
 - Level 6.0 Evocations


You had 9 spell levels left.
You didn't know any spells.
Your spell library contained the following spells:

 Spells                   Type           Power      Damage    Failure   Level
 Blink                    Tloc           0%         N/A       86%         2
 Cigotuvi's Dreadful Rot  Necr/Pois/Air  0%         N/A       86%         2
 Kindle Blastsparks       Fire/Tloc/Air  0%         2d10      98%         3
 Portal Projectile        Hex/Tloc       0%         N/A       98%         3
 Summon Guardian Golem    Hex/Summ       0%         N/A       98%         3
 Tukima's Dance           Hex            0%         N/A       98%         3
 Vhi's Electric Charge    Tloc/Air       0%         N/A       98%         3
 Ice Form                 Ice/Tmut       0%         N/A       100%        4
 Manifold Assault         Tloc           0%         N/A       100%        4
 Passage of Golubria      Tloc           0%         N/A       100%        4
 Blade Hands              Tmut           0%         N/A       100%        5
 Silence                  Hex/Air        0%         N/A       100%        5
 Conjure Ball Lightning   Conj/Air       0%         3x3d6     100%        6
 Orb of Destruction       Conj           0%         9d5       100%        7
 Spellforged Servitor     Conj/Summ      0%         N/A       100%        7
 Storm Form               Tmut/Air       0%         N/A       100%        7
 Discord                  Hex            0%         N/A       100%        8
 Disjunction              Tloc           0%         N/A       100%        8
 Lehudib's Crystal Spear  Conj/Erth      0%         10d2      100%        8


Dungeon Overview and Level Annotations

Branches:
Dungeon (11/15)            Temple (1/1) D:5            Lair (0/5) D:10
    Orc (0/2) D:10

Altars:
Ashenzari
Cheibriados
Dithmenos
Fedhas
Gozag
Hepliaklqana
Kikubaaqudgha
Makhleb
Nemelex Xobeh
Okawaru
Qazlal
Ru
Sif Muna
Trog
Uskayaw
Vehumet
Wu Jian
Xom
Yredelemnul

Shops:
D:4 [   D:5 *=


Innate Abilities, Weirdness & Mutations

You have sharp fingernails.
You are mostly covered in thin metallic scales. (AC +3)
You are powered by pain.


Message History

f - 2 potions of curing (gained 1)
A boulder beetle comes into view.
The boulder beetle curls into a ball and begins rolling!
An orc comes into view. It is wielding a +0 whip.
Found 4 poisoned darts.
The orc shouts!
You hear a shout!
The boulder beetle hits you but does no damage.
The boulder beetle stops rolling and uncurls.
An orc comes into view. It is wielding a +0 flail.
The orc shouts!
You hit the boulder beetle but do no damage.
The boulder beetle bites you!
You barely miss the boulder beetle.
You hit the boulder beetle but do no damage.
The boulder beetle bites you.
The boulder beetle attacks as you move away!
The boulder beetle completely misses you.
The boulder beetle attacks as you move away!
The boulder beetle bites you!
The boulder beetle curls into a ball and begins rolling!
The boulder beetle attacks as you move away!
The boulder beetle hits you!!
The boulder beetle stops rolling and uncurls.
The boulder beetle attacks as you move away!
The boulder beetle bites you.
* * * LOW HITPOINT WARNING * * *
The boulder beetle attacks as you move away!
The boulder beetle bites you!
* * * LOW HITPOINT WARNING * * *
You feel much better. The boulder beetle bites you.
The boulder beetle curls into a ball and begins rolling!
The boulder beetle hits you!!
* * * LOW HITPOINT WARNING * * *
The boulder beetle stops rolling and uncurls.
The boulder beetle attacks as you move away!
The boulder beetle barely misses you.
The boulder beetle curls into a ball and begins rolling!
There is a stone staircase leading up here.
The boulder beetle hits you!
You die...

.## #.## ## #..# # #
##.# .## ## #.## ##..#
.### #..# #.....
...#######..#### #......
...............##.......
............oo..........
########....##○B@.......
# ##o°####..####... #
#..## #..# .## ##..#
#..# ...####..## #..#
...!.##..# #..#
........## #..#
........# #..# ....##..#
#..#


You could see a boulder beetle (rolling) and 2 orcs.

Vanquished Creatures
  2 two-headed ogres
  A gargoyle (D:10)
  A kobold demonologist (D:10)
  Maggie (D:7)
  5 yaks (D:10)
  3 wyverns
  2 basilisks (D:10)
  4 steam dragons
  Edmund (D:4)
  5 water moccasins
  A sky beast (D:7)
  An orc warrior (D:6)
  2 ice beasts
  A black bear (D:7)
  3 centaurs
  4 ogres
  A bullfrog (D:6)
  3 kobold brigands
  2 scorpions
  5 wights (D:9)
  3 killer bees (D:5)
  3 howler monkeys
  4 hounds
  2 orc priests (D:7)
  3 orc wizards
  A sleepcap (D:6)
  Ijyb (D:3)
  An iguana (D:5)
  7 gnolls
  5 adders
  2 shadow imps
  2 white imps
  An ufetubus (D:5)
  3 dart slugs
  15 orcs
  6 ball pythons
  8 endoplasms
  3 giant cockroaches
  9 hobgoblins
  4 jackals (D:1)
  3 quokkas
  2 bats
  5 frilled lizards
  7 goblins
  21 kobolds
  7 rats
176 creatures vanquished.

Vanquished Creatures (others)
  A fungus (D:10)
  4 plants (D:10)
5 creatures vanquished.

Grand Total: 181 creatures vanquished

Notes
Turn   | Place    | Note
-------+----------+-------------------------------------------
     0 | D:1      | Newt the Demonspawn Gladiator began the quest for the Orb.
     0 | D:1      | Reached XP level 1. HP: 16/16 MP: 1/1
   263 | D:1      | Gained mutation: You sometimes gain a little power by
                  | taking damage. [demonic ancestry]
   263 | D:1      | Reached XP level 2. HP: 19/23 MP: 2/2
   941 | D:2      | Got the Quarto of Chilled Astrapomancy
   971 | D:2      | Gained mutation: You sometimes gain power by taking damage.
                  | [demonic ancestry]
   971 | D:2      | Reached XP level 3. HP: 26/29 MP: 3/3
  1269 | D:2      | Reached skill level 1 in Long Blades
  1294 | D:2      | Reached XP level 4. HP: 32/37 MP: 4/4
  1493 | D:3      | Identified the +7 short sword of Xekygaes {freeze, Will+}
  1550 | D:3      | Found an ancient bone altar of Kikubaaqudgha.
  1631 | D:3      | Reached skill level 3 in Short Blades
  1867 | D:3      | Noticed Ijyb
  1877 | D:3      | Killed Ijyb
  1878 | D:3      | Gained mutation: You are partially covered in thin metallic
                  | scales. (AC +2) [demonic ancestry]
  1878 | D:3      | Reached XP level 5. HP: 31/42 MP: 5/5
  2288 | D:3      | Found a stormy altar of Qazlal.
  2517 | D:4      | Reached skill level 4 in Short Blades
  2911 | D:4      | Noticed Edmund
  2934 | D:4      | Killed Edmund
  2935 | D:4      | Reached skill level 5 in Short Blades
  2935 | D:4      | Gained mutation: You are mostly covered in thin metallic
                  | scales. (AC +3) [demonic ancestry]
  2935 | D:4      | Reached XP level 6. HP: 18/48 MP: 6/6
  3181 | D:4      | Found Bafah's Armour Boutique.
  3443 | D:5      | Entered Level 5 of the Dungeon
  3569 | D:5      | Noticed an ice beast
  3587 | D:5      | Killed an ice beast
  3588 | D:5      | Reached XP level 7. HP: 37/54 MP: 7/7
  3806 | D:5      | Reached skill level 1 in Evocations
  3878 | D:5      | Found a staircase to the Ecumenical Temple.
  3889 | D:5      | You fall into a shaft and drop 3 floors!
  3905 | D:7      | Noticed a wyvern
  3923 | D:7      | Killed a wyvern
  3967 | D:6      | Noticed a wyvern
  3978 | D:6      | Killed a wyvern
  3979 | D:6      | Reached skill level 5 in Fighting
  3979 | D:6      | Gained mutation: You have sharp fingernails. [demonic
                  | ancestry]
  3979 | D:6      | Reached XP level 8. HP: 60/62 MP: 8/8
  4173 | Temple   | Entered the Ecumenical Temple
  4349 | Temple   | Became a worshipper of Makhleb the Destroyer
  4437 | D:5      | Reached skill level 6 in Short Blades
  4556 | D:5      | Found Xateyten's General Store.
  4669 | D:5      | Found a shimmering blue altar of Sif Muna.
  4689 | D:5      | Found Ukeockas's Jewellery Shoppe.
  4828 | D:6      | Reached skill level 7 in Short Blades
  5227 | D:6      | Reached skill level 8 in Short Blades
  5659 | D:7      | Reached XP level 9. HP: 67/69 MP: 9/9
  5900 | D:7      | Noticed Maggie
  5917 | D:7      | Reached * piety under Makhleb
  5924 | D:7      | Killed Maggie
  5925 | D:7      | Reached skill level 9 in Short Blades
  6117 | D:7      | Found a sparkling altar of Nemelex Xobeh.
  6486 | D:8      | Noticed a two-headed ogre
  6499 | D:8      | Killed a two-headed ogre
  7318 | D:9      | Found a hide-covered altar of Uskayaw.
  7411 | D:9      | Reached skill level 5 in Evocations
  7674 | D:9      | Gained mutation: You are powered by pain. [demonic
                  | ancestry]
  7674 | D:9      | Reached XP level 10. HP: 72/75 MP: 10/10
  7821 | D:9      | Noticed a two-headed ogre
  7833 | D:9      | Reached ** piety under Makhleb
  7847 | D:9      | Killed a two-headed ogre
  7990 | D:9      | Found a broken altar of Ashenzari.
  7991 | D:9      | Found a radiant altar of Vehumet.
  7993 | D:9      | Found a blossoming altar of Fedhas.
  7995 | D:9      | Found a bloodstained altar of Trog.
  7996 | D:9      | Found a hazy altar of Hepliaklqana.
  8221 | D:10     | Entered Level 10 of the Dungeon
  8291 | D:10     | Reached skill level 5 in Armour
  8623 | D:10     | Found a staircase to the Lair.
  8998 | D:10     | Found a staircase to the Orcish Mines.
  9104 | D:10     | Noticed a gargoyle
  9127 | D:10     | Killed a gargoyle
  9434 | D:11     | Identified the ring of the Death Scarab {*Corrode rN+ Str+7
                  | Int+6 SInv}
  9528 | D:11     | Noticed a boulder beetle
  9548 | D:11     | HP: 4/80 [boulder beetle (29)]
  9551 | D:11     | Slain by a boulder beetle

Illustrated notes

Levels and vault maps discovered:
D:1:      kennysheep_arrival_seaside, layout_rooms, roderic_lattice_a
D:2:      layout_basic
D:3:      layout_loops_ring, mainiacjoe_overflow_alcove_2, marbit_many_paths,
          uniq_ijyb
D:4:      layout_cave_pods, serial_shops, nicolae_shop_waterfront,
          amethyst_killhole, serial_bayou_ford_a, kennysheep_generic_room_16,
          uniq_edmund
D:5:      layout_basic, kennysheep_little_box, led_sif_pool,
          minmay_temple_entry_sparse_star, serial_shops, nicolae_stop_n_shop_2,
          shop, minivault_25
D:6:      layout_basic, small_statue_intersection
D:7:      layout_basic, nemelex_xobeh_ov_fountains_minmay,
          minmay_stone_trees_small, uniq_maggie
D:8:      layout_gridville
D:9:      layout_roguey, grunt_temple_overflow_open,
          nicolae_uskayaw_murder_on_the_dancefloor
D:10:     layout_long_grid, minmay_lair_entry_grove, orc_0_dummy, serial_rivers,
          chequers_serial_rivers_large_a, chequers_serial_rivers_large_b,
          chequers_serial_rivers_small_3, chequers_serial_rivers_micro_e,
          chequers_serial_rivers_small_a, chequers_serial_rivers_small_b
D:11:     layout_layer_cave
Temple:   bh_familiar_temple

Skill      XL: |  1  2  3  4  5  6  7  8  9 10 |
---------------+-------------------------------+-----
Fighting       | 3 4 5 6 8 |  8.0
Long Blades    | 1 |  1.3
Short Blades   | 3 5 8 9 |  9.9
Dodging        | 3 4 |  4.0
Evocations     | 4 5 6 |  6.0
Armour         | 4 7 |  7.2
Throwing       | |  1.7

Action                     |  1- 3 |  4- 6 |  7- 9 | 10-12 || total
---------------------------+-------+-------+-------+-------++-------
  Melee: Rapier            |    91 |       |       |       ||    91
         Punch             |     1 |     1 |     4 |     3 ||     9
         Falchion          |    29 |     4 |       |       ||    33
         Short sword       |       |   108 |   326 |   137 ||   571
  Throw: Throwing net      |       |     4 |     1 |     2 ||     7
         Javelin           |       |     1 |     1 |       ||     2
         Dart              |       |     1 |     1 |       ||     2
         Boomerang         |       |     1 |       |       ||     1
  Evoke: Wand              |       |     5 |       |       ||     5
    Use: Scroll            |     4 |     5 |    10 |     3 ||    22
         Potion            |       |     4 |     1 |     1 ||     6
   Stab: Sleeping          |     1 |     1 |       |       ||     2
         Held in net/web   |       |     2 |     1 |     2 ||     5
 Armour: Leather armour    |    38 |    28 |    34 |       ||   100
         Scale mail        |       |       |    45 |    32 ||    77
  Dodge: Dodged            |    73 |    70 |   138 |    33 ||   314

Table legend: (Time is in decaauts)
 A = Elapsed time spent in this place.
 B = Non-inter-level travel time spent in this place.
 C = Inter-level travel time spent in this place.
 D = Time resting spent in this place.
 E = Time spent auto-exploring this place.
 F = Levels seen in this place.
 G = Mean time per level.
                   A        B        C        D        E       F      G
               +--------+--------+--------+--------+--------+-----+--------+
         Total |   9415 |   8940 |    475 |   1400 |   6298 |  12 |  784.6 |
       Dungeon |   9209 |   8778 |    431 |   1400 |   6143 |  11 |  837.2 |
        Temple |    205 |    162 |     43 |      0 |    155 |   1 |  205.0 |
               +--------+--------+--------+--------+--------+-----+--------+

Top non-repeatable levels by time:
    D:10: 1213 daAuts
     D:3: 1009 daAuts
     D:4: 989 daAuts
     D:9: 977 daAuts
     D:6: 955 daAuts
     D:5: 873 daAuts
     D:1: 855 daAuts
     D:8: 804 daAuts
     D:7: 762 daAuts
     D:2: 644 daAuts
  Temple: 205 daAuts
    D:11: 125 daAuts
